 Dungeon Crawl Stone Soup version 0.20.0-3-g22ec75f (webtiles) character file.

4381 RKaid the Cleaver (level 10, -1/141 HPs)
             Began as a Minotaur Berserker on May 26, 2017.
             Was an Elder of Trog.
             Slain by an 11-headed hydra (12 damage)
             ... on level 1 of the Lair of Beasts.
             The game lasted 00:07:17 (5362 turns).

RKaid the Cleaver (Minotaur Berserker)              Turns: 5362, Time: 00:07:18

Health: -1/141     AC: 11    Str: 28    XL:     10   Next: 13%
Magic:  9/9        EV:  9    Int:  4    God:    Trog [****..]
Gold:   370        SH:  0    Dex: 12    Spells: 9/9 levels left

rFire    . . .     SeeInvis .   n - +0 war axe
rCold    . . .     Gourm    .   (no shield)
rNeg     . . .     Faith    .   d - +0 chain mail
rPois    +         Spirit   .   (helmet restricted)
rElec    .         Reflect  .   (no cloak)
rCorr    .         Harm     .   (no gloves)
MR       .....                  m - +1 pair of boots
Stlth    ..........             (no amulet)
Regen    0.4/turn               f - ring of poison resistance {rPois}
MPRegen  0.2/turn               (no ring)

@: berserking, lethally poisoned (-1 -> -3), glowing, very quick
A: retaliatory headbutt, horns 2
a: Berserk, Trog's Hand, Brothers in Arms, Burn Spellbooks, Renounce Religion


You were on level 1 of the Lair of Beasts.
You worshipped Trog.
Trog was greatly pleased with you.
You were very hungry.

You visited 2 branches of the dungeon, and saw 10 of its levels.

You collected 370 gold pieces.

Inventory:

Hand Weapons
 n - a +0 war axe (weapon)
   (You found it on level 3 of the Dungeon)
 z - a +0 trident
   (You found it on level 9 of the Dungeon)
Armour
 b - a +0 animal skin
 d - a +0 chain mail (worn)
   (You found it on level 2 of the Dungeon)
 m - a +1 pair of boots (worn)
   (You found it on level 4 of the Dungeon)
 y - a +0 cloak
   (You found it on level 9 of the Dungeon)
Jewellery
 f - a ring of poison resistance (left hand) {rPois}
   (You found it on level 1 of the Dungeon)
Wands
 B - a wand of iceblast (3/15)
   (You found it on level 9 of the Dungeon)
Scrolls
 a - a scroll of blinking {unknown}
 i - 2 scrolls of identify
 o - 2 scrolls of remove curse
 r - 2 scrolls of enchant armour
 u - a scroll of fog {unknown}
 v - a scroll of vulnerability {unknown}
 x - a scroll of teleportation {unknown}
Potions
 e - 2 potions of curing
 g - a potion of degeneration {unknown}
 h - 2 potions of might {unknown}
 k - 2 potions of mutation {!q!q}
 l - 5 potions of haste {unknown}
 s - 2 potions of magic {unknown}
 t - a potion of heal wounds {unknown}
 w - a potion of lignification {unknown}
 A - a potion of brilliance {unknown}
Comestibles
 c - 3 bread rations
 j - a royal jelly
 p - 2 meat rations
 q - 2 chunks of flesh


   Skills:
 + Level 10.6 Fighting
 * Level 13.9 Axes
 + Level 4.3 Armour
 - Level 2.1 Dodging


You had 9 spell levels left.
You didn't know any spells.

Dungeon Overview and Level Annotations

Branches:
Dungeon (9/15)               Lair (1/6) D:9
 Temple: D:4-7          Orc: D:9-12

Altars:
Ashenzari
Dithmenos
Okawaru
Qazlal
Sif Muna
Trog
Uskayaw
Vehumet
Yredelemnul

Shops:
D:9 [

Annotations:
D:7 1 runed door
Lair:1 Kosschaser's ghost, journeyman VSEn


Innate Abilities, Weirdness & Mutations

You reflexively headbutt those who attack you in melee.
You have a pair of horns on your head.


Message History

You climb downwards.
There is a stone staircase leading up here.
There is a staircase to the Lair here.
You climb downwards.
Welcome to the Lair of Beasts!
Kosschaser's ghost (journeyman Vine Stalker Enchanter) comes into view.
It is wielding a weapon of venom.
Kosschaser's ghost turns its malevolent gaze towards you.
There is a staircase back to the Dungeon here.
Kosschaser's ghost is nearby!
Kosschaser's ghost gestures at you while chanting.
You fall asleep.
A six-headed hydra comes into view.
You wake up.
You barely miss Kosschaser's ghost. You headbutt Kosschaser's ghost.
Kosschaser's ghost says, "Just let the darkness consume you."
Kosschaser's ghost hits you but does no damage.
You are poisoned.
You feel sick.
There is a staircase back to the Dungeon here.
Your ogre goes berserk!
You are feeling hungry.
Trog will no longer gift you weapons.
Kosschaser's ghost gestures at you while chanting.
You are outlined in light.
A red film seems to cover your vision as you go berserk!
You feel yourself moving faster!
You feel mighty!
You are feeling very hungry.
You feel sick. The six-headed hydra bites you.
The six-headed hydra bites you but does no damage.
The six-headed hydra misses you. The six-headed hydra bites you! x2
The six-headed hydra bites you but does no damage.
Your ogre misses Kosschaser's ghost.
Kosschaser's ghost hits you but does no damage.
You chop one of the six-headed hydra's heads off!
The five-headed hydra grows two more!
You slash the seven-headed hydra! You hit Kosschaser's ghost.
The seven-headed hydra bites you.
The seven-headed hydra barely misses you.
The seven-headed hydra bites you.
The seven-headed hydra closely misses you.
The seven-headed hydra bites you. x2
The seven-headed hydra closely misses you.
Your ogre completely misses Kosschaser's ghost.
Kosschaser's ghost hits you but does no damage.
You are more poisoned.
Your chain mail prevents you from hitting the seven-headed hydra.
You barely miss Kosschaser's ghost.
You completely miss the seven-headed hydra.
You headbutt the seven-headed hydra!
You hit Kosschaser's ghost but do no damage.
You feel sick. The seven-headed hydra bites you!
The seven-headed hydra bites you but does no damage.
The seven-headed hydra bites you.
The seven-headed hydra bites you but does no damage.
The seven-headed hydra bites you. x2; The seven-headed hydra bites you!
Your ogre completely misses Kosschaser's ghost.
Kosschaser's ghost hits you but does no damage.
You are too injured to fight recklessly!
You are too injured to fight recklessly!
You are too injured to fight recklessly!
You lop one of the seven-headed hydra's heads off!
The six-headed hydra grows two more!
You slash the eight-headed hydra! You headbutt the eight-headed hydra!!
You hit Kosschaser's ghost. The eight-headed hydra bites you!
The eight-headed hydra completely misses you.
The eight-headed hydra bites you but does no damage.
The eight-headed hydra closely misses you.
The eight-headed hydra bites you.
The eight-headed hydra barely misses you.
The eight-headed hydra closely misses you.
The eight-headed hydra bites you.
You hack one of the eight-headed hydra's heads off!
The seven-headed hydra grows two more!
You slash the nine-headed hydra!
Your headbutt misses the nine-headed hydra.
You hit Kosschaser's ghost but do no damage.
Your ogre barely misses Kosschaser's ghost.
Kosschaser's ghost hits you but does no damage.
You lop one of the nine-headed hydra's heads off!
The eight-headed hydra grows two more!
You hit the ten-headed hydra. You miss Kosschaser's ghost.
You feel sick.
Your ogre misses Kosschaser's ghost.
The ten-headed hydra bites you but does no damage.
The ten-headed hydra bites you! x2
* * * LOW HITPOINT WARNING * * *
The ten-headed hydra bites you.
* * * LOW HITPOINT WARNING * * *
The ten-headed hydra barely misses you. The ten-headed hydra misses you.
The ten-headed hydra bites you.
* * * LOW HITPOINT WARNING * * *
The ten-headed hydra bites you!
* * * LOW HITPOINT WARNING * * *
The ten-headed hydra bites you but does no damage.
The ten-headed hydra bites you.
* * * LOW HITPOINT WARNING * * *
You barely miss the ten-headed hydra. You slash Kosschaser's ghost!
Kosschaser's ghost hits you but does no damage.
You slice one of the ten-headed hydra's heads off!
The nine-headed hydra grows two more!
You slash the 11-headed hydra! You headbutt the 11-headed hydra!
You slash Kosschaser's ghost!
Your ogre hits Kosschaser's ghost with a giant club!!
The 11-headed hydra barely misses you. The 11-headed hydra bites you!
You die...

. .. .. #####
...
...####.#.##....
................
.......@........
.......DW.......
.........O......
................
...............#
...............#
..########.....#
.. #....# ....#


You could see a 11-headed hydra, Kosschaser's ghost and a friendly ogre
(berserk).

Vanquished Creatures
  A cyclops (D:7)
  A hippogriff (D:9)
  A wyvern (D:9)
  3 hungry ghosts
  2 wargs (D:9)
  4 sky beasts
  2 black bears
  The ghost of endorz the Chopper, an amateur MiBe of Trog (D:3)
  A necrophage (D:7)
  3 orc warriors
  An ice beast (D:5)
  4 ogres
  A centaur (D:5)
  A big kobold (D:9)
  2 bullfrogs
  A wyvern zombie (D:7)
  A scorpion (D:7)
  2 howler monkeys
  A centaur zombie (D:3)
  4 crimson imps
  A quasit (D:8)
  9 orc priests
  2 jellies
  A bullfrog zombie (D:9)
  3 hounds
  3 orc wizards
  3 iguanas
  6 worker ants
  A hound zombie (D:5)
  3 gnolls (D:7)
  8 adders
  An ooze (D:2)
  2 worms
  2 dart slugs
  5 leopard geckos
  27 orcs
  4 ball pythons
  8 bats
  5 giant cockroaches
  4 goblins
  7 hobgoblins
  11 jackals
  17 kobolds
  A quokka (D:4)
  3 frilled lizards
  8 rats
182 creatures vanquished.

Notes
Turn   | Place    | Note
-------+----------+-------------------------------------------
     0 | D:1      | RKaid the Minotaur Berserker began the quest for the Orb.
     0 | D:1      | Reached XP level 1. HP: 19/19 MP: 0/0
    42 | D:1      | Reached skill level 4 in Axes
   172 | D:1      | Reached XP level 2. HP: 14/27 MP: 1/1
   726 | D:2      | Reached skill level 4 in Fighting
   726 | D:2      | Reached XP level 3. HP: 33/33 MP: 2/2
   808 | D:2      | Reached ** piety under Trog
   831 | D:2      | Reached skill level 5 in Axes
  1226 | D:3      | HP: 6/34 [centaur zombie (4)]
  1227 | D:3      | Reached XP level 4. HP: 8/41 MP: 3/3
  1471 | D:3      | Noticed endorz's ghost (amateur MiBe)
  1483 | D:3      | Killed endorz's ghost
  1483 | D:3      | Reached skill level 5 in Fighting
  1483 | D:3      | Reached skill level 6 in Axes
  1483 | D:3      | Reached XP level 5. HP: 48/48 MP: 4/4
  1501 | D:3      | Found a stormy altar of Qazlal.
  1501 | D:3      | Found a radiant altar of Vehumet.
  1503 | D:3      | Found a deep blue altar of Sif Muna.
  1515 | D:3      | Found a shattered altar of Ashenzari.
  1702 | D:3      | Found a faded altar of an unknown god.
  1804 | D:3      | Found a hide-covered altar of Uskayaw.
  1924 | D:3      | Reached *** piety under Trog
  1946 | D:3      | Reached XP level 6. HP: 52/56 MP: 5/5
  1984 | D:3      | Reached skill level 7 in Axes
  1993 | D:3      | Found an iron altar of Okawaru.
  1994 | D:3      | Found a basalt altar of Yredelemnul.
  1998 | D:3      | Found a bloodstained altar of Trog.
  2275 | D:4      | Reached skill level 6 in Fighting
  2522 | D:4      | Reached skill level 8 in Axes
  2522 | D:4      | Reached XP level 7. HP: 40/64 MP: 6/6
  2875 | D:5      | Entered Level 5 of the Dungeon
  2984 | D:5      | Reached skill level 9 in Axes
  2995 | D:5      | Reached skill level 7 in Fighting
  3107 | D:5      | Reached XP level 8. HP: 72/73 MP: 7/7
  3282 | D:6      | Reached skill level 10 in Axes
  3285 | D:6      | Reached **** piety under Trog
  3400 | D:7      | Reached skill level 8 in Fighting
  3500 | D:7      | Reached skill level 11 in Axes
  3665 | D:7      | Noticed a cyclops
  3673 | D:7      | Killed a cyclops
  3673 | D:7      | Reached skill level 9 in Fighting
  3673 | D:7      | Reached skill level 12 in Axes
  3673 | D:7      | Reached XP level 9. HP: 83/83 MP: 8/8
  3941 | D:7      | Found a runed door.
  4454 | D:8      | You fall through a shaft!
  4530 | D:9      | Reached skill level 13 in Axes
  4679 | D:9      | Reached skill level 10 in Fighting
  4704 | D:9      | Reached skill level 3 in Armour
  4735 | D:9      | Found a shadowy altar of Dithmenos.
  4797 | D:9      | Found a staircase to the Lair.
  4818 | D:9      | Reached XP level 10. HP: 83/94 MP: 9/9
  4910 | D:9      | Reached skill level 4 in Armour
  5058 | D:9      | Reached ***** piety under Trog
  5148 | D:9      | Found Usozotsa's Armour Shop.
  5344 | Lair:1   | Entered Level 1 of the Lair of Beasts
  5344 | Lair:1   | Noticed Kosschaser's ghost (journeyman VSEn)
  5346 | Lair:1   | Noticed a six-headed hydra
  5360 | Lair:1   | HP: 30/141 [ten-headed hydra (6)]
  5360 | Lair:1   | HP: 14/141 [ten-headed hydra (10)]
  5362 | Lair:1   | Slain by an 11-headed hydra

Skill      XL: |  1  2  3  4  5  6  7  8  9 10 |
---------------+-------------------------------+-----
Axes           | 4 5 6 8 9 12 13 | 13.9
Fighting       | 4 5 6 7 9 10 | 10.6
Armour         | 3 4 |  4.3
Dodging        | |  2.1

Action                   |  1- 3 |  4- 6 |  7- 9 | 10-12 || total
-------------------------+-------+-------+-------+-------++-------
Melee: Hand axe          |    82 |    50 |       |       ||   132
       Headbutt          |     8 |    14 |    49 |     9 ||    80
       War axe           |       |    66 |   233 |    41 ||   340
Invok: Berserk           |     2 |     2 |     5 |     1 ||    10
       Brothers in Arms  |       |       |       |     1 ||     1
  Use: Scroll            |       |     5 |     4 |       ||     9
 Stab: Sleeping          |     1 |       |       |       ||     1
  Eat: Chunk             |     2 |     1 |    12 |     2 ||    17
       Fruit             |       |     1 |     4 |       ||     5
       Bread ration      |       |     1 |     2 |       ||     3
Armor: Animal skin       |     6 |       |       |       ||     6
       Chain mail        |    14 |    58 |   109 |    26 ||   207
Dodge: Dodged            |    53 |    47 |    75 |    22 ||   197

Table legend:
 A = Turns spent in this place as a percentage of turns spent in the entire game.
 B = Non-inter-level travel turns spent in this place as a percentage of non-inter-level travel turns spent in the entire game.
 C = Inter-level travel turns spent in this place as a percentage of turns spent in this place.
 D = Turns resting spent in this place as a percentage of non-inter-level travel turns spent in this place.
 E = Turns spent auto-exploring this place as a percentage of non-inter-level travel turns spent in this place.
 F = Non-inter-level travel turns spent in this place divided by the number of levels of this place that you've seen.
                   A       B       C       D       E      F
               +-------+-------+-------+-------+-------+----------------------
         Total | 100.0 | 100.0 |   0.2 |   1.5 |  11.4 | 175.9
       Dungeon |  99.1 |  99.1 |   0.2 |   1.5 |  11.5 | 193.7
          Lair |   0.9 |   0.9 |   0.0 |   0.0 |   0.0 |  16.0
               +-------+-------+-------+-------+-------+----------------------

Table legend:
 A = Kills in this place as a percentage of kills in entire the game.
 B = Kills by you in this place as a percentage of kills by you in the entire game.
 C = Kills by friends in this place as a percentage of kills by friends in the entire game.
 D = Other kills in this place as a percentage of other kills in the entire game.
 E = Experience gained in this place as a percentage of experience gained in the entire game.
 F = Experience gained in this place divided by the number of levels of this place that you have seen.
                   A       B       C       D       E      F
               +-------+-------+-------+-------+-------+----------------------
         Total | 100.0 | 100.0 |  -nan |  -nan | 100.0 | 625.9
       Dungeon | 100.0 | 100.0 |  -nan |  -nan | 100.0 | 695.4
               +-------+-------+-------+-------+-------+----------------------
